 Dungeon Crawl Stone Soup version 0.29-a0-41-g89e12c0570 (webtiles) character file.

Game seed: 14636069560855744375

1379 Destapler the Skirmisher (level 8, -9/63 HPs)
             Began as a Demonspawn Gladiator on Feb 2, 2022.
             Was a Follower of Makhleb.
             Mangled by a two-headed ogre (25 damage)
             ... on level 6 of the Dungeon.
             The game lasted 00:21:32 (5079 turns).

Destapler the Skirmisher (Demonspawn Gladiator)     Turns: 5079, Time: 00:21:33

Health: -9/63      AC:  8    Str: 16    XL:     8   Next: 39%
Magic:  17/17      EV: 14    Int: 10    God:    Makhleb [*.....]
Gold:   624        SH:  0    Dex: 15    Spells: 7/7 levels left

rFire   . . .      SeeInvis .   a - +0 war axe
rCold   . . .      Faith    +   (no shield)
rNeg    . . .      Spirit   .   b - +0 leather armour
rPois   .          Reflect  .   (helmet restricted)
rElec   .          Harm     .   (no cloak)
rCorr   .          Rampage  .   (no gloves)
Will    .....                   t - +1 pair of boots
Stlth   +.........              o - amulet of faith
HPRegen 0.20/turn               f - ring of magical power
MPRegen 0.15/turn               (no ring)

@: no status effects
A: antennae 2, molten scales 2, spiny 1
a: Renounce Religion


You were on level 6 of the Dungeon.
You worshipped Makhleb.
Makhleb was aware of your devotion.
You visited 2 branches of the dungeon, and saw 7 of its levels.
You also visited: Ossuary.

You collected 624 gold pieces.

Inventory:

Hand Weapons
 a - a +0 war axe (weapon)
Missiles
 d - 2 throwing nets
 j - 2 curare-tipped darts (quivered)
Armour
 b - a +0 leather armour (worn)
 t - a +1 pair of boots (worn)
Jewellery
 f - a ring of magical power (left hand)
 o - an amulet of faith (around neck)
Wands
 l - a wand of paralysis (4)
Scrolls
 e - a scroll of silence
 h - 2 scrolls of amnesia
 k - 4 scrolls of identify
 n - 3 scrolls of blinking
 p - a scroll of enchant weapon {unknown}
 q - 3 scrolls of teleportation
 s - a scroll of fear
 u - 3 scrolls of brand weapon {unknown}
 v - a scroll of magic mapping
Potions
 c - a potion of berserk rage
 g - 5 potions of curing
 i - a potion of heal wounds
 m - 2 potions of lignification {unknown}
 r - 3 potions of resistance
 w - a potion of magic {unknown}


   Skills:
 + Level 5.5 Fighting
 + Level 5.4 Axes
 + Level 5.0 Throwing
 + Level 5.4 Dodging


You had 7 spell levels left.
You didn't know any spells.
Your spell library contained the following spells:

 Spells                   Type           Power      Damage    Failure   Level
 Sandblast                Erth           0%         2d4       43%         1
 Passwall                 Tmut/Erth      0%         N/A       56%         2
 Stone Arrow              Conj/Erth      0%         3d7       80%         3


Dungeon Overview and Level Annotations

Branches:
Dungeon (6/15)             Temple (1/1) D:6         Ossuary (visited)

Altars:
Elyvilon
Fedhas
Makhleb
Nemelex Xobeh
Sif Muna
Vehumet
The Shining One

Shops:
D:1 =

Annotations:
D:6 1 runed translucent door, paps's ghost, novice OpFi


Innate Abilities, Weirdness & Mutations

You have a pair of antennae on your head.
You are mostly covered in molten scales. (AC +3)
You are partially covered in sharp spines.


Message History

Found a helmet.
A two-headed ogre comes into view. It is wielding two +0 giant clubs.
The two-headed ogre shouts in stereo!
You hear a shout! x2
A gnoll comes into view. It is wielding a +0 whip.
Press: ? - help, v - describe, . - travel, g - get item Item here: a ruby ring.
The floor.
You start waiting.
A two-headed ogre is nearby!
Throw: 3 darts (curare)
Press: ? - help, Q - select action, (/) - cycle Shift-Dir - straight line, f - two-headed ogre
Aim: a two-headed ogre, wielding two +0 giant clubs (77% to hit)
You throw a curare-tipped dart.
The curare-tipped dart hits the two-headed ogre.
The two-headed ogre is poisoned.
The two-headed ogre convulses.
The two-headed ogre seems to slow down.
The two-headed ogre is lightly wounded.
You slash the two-headed ogre!
The two-headed ogre is moderately wounded.
The two-headed ogre hits you with a +0 giant club! x2
You hit the two-headed ogre.
The two-headed ogre is heavily wounded.
You hit the two-headed ogre but do no damage.
The two-headed ogre is heavily wounded.
The two-headed ogre barely misses you.
The two-headed ogre hits you with a +0 giant club!
* * * LOW HITPOINT WARNING * * *
You slash the two-headed ogre!
The two-headed ogre is severely wounded.
The two-headed ogre is struck by your spines.
The two-headed ogre closely misses you.
The two-headed ogre hits you with a +0 giant club.
* * * LOW HITPOINT WARNING * * *
You are too injured to fight recklessly!
You are too injured to fight recklessly!
You are too injured to fight recklessly!
You slash the two-headed ogre!
The two-headed ogre is almost dead.
The two-headed ogre hits you with a +0 giant club!!
You die...

.......##,....#.##*##.........**
......##..##.##..###......8...,*
#.....###........##...........,*
.......##.##.....#..##.........##
.......##......#.#...###.......>#
.......#.......#..........###...#
...............#........#.###...#
.............####.##.#.#####.....
.............###@..###...###.#...
...#.......#..###O..###..........
##.##....###.........##..........
#..#......######'###.............
.........##* #.....##....###.....
......##...###.⌠.⌠.####.## #.[.†.
...##.##.<...+..>..'..#..# #.....
.##..........#.⌠.⌠.#.....###†..#.
..##.###.##..#.....#...........#.


You could see a two-headed ogre (poisoned, slow).

Vanquished Creatures
  3 ogres
  2 sky beasts (D:6)
  2 phantoms
  3 scorpions
  A water moccasin skeleton (D:5)
  A howler monkey (D:5)
  2 centaur zombies
  2 hounds (D:5)
  2 centaur skeletons
  A jelly (D:4)
  An iguana (D:4)
  8 mummies (Ossuary)
  2 adders (D:3)
  6 gnolls
  A white imp (D:5)
  An ufetubus (D:4)
  A worm (D:3)
  3 dart slugs
  5 orcs
  4 bats (D:1)
  9 endoplasms
  2 giant cockroaches
  10 goblins
  4 hobgoblins
  2 jackals (D:2)
  5 kobolds
  2 quokkas (D:2)
  5 ball pythons
  3 frilled lizards
  A hobgoblin zombie (Ossuary)
  7 kobold zombies (Ossuary)
  8 rats
109 creatures vanquished.

Notes
Turn   | Place    | Note
-------+----------+-------------------------------------------
     0 | D:1      | Destapler the Demonspawn Gladiator began the quest for the
                  | Orb.
     0 | D:1      | Reached XP level 1. HP: 16/16 MP: 1/1
   122 | D:1      | Gained mutation: You are partially covered in molten
                  | scales. (AC +2) [demonic ancestry]
   122 | D:1      | Reached XP level 2. HP: 22/22 MP: 2/2
   317 | D:1      | Found Rihucw's Jewellery Shop.
   479 | D:2      | Found a shimmering blue altar of Sif Muna.
   577 | D:2      | Reached XP level 3. HP: 23/28 MP: 3/3
  1191 | D:3      | HP: 1/28 [orc (5)]
  1192 | D:3      | Gained mutation: You have a pair of small antennae on your
                  | head. [demonic ancestry]
  1192 | D:3      | Reached XP level 4. HP: 2/34 MP: 4/4
  2216 | D:3      | Gained mutation: You are partially covered in sharp spines.
                  | [demonic ancestry]
  2216 | D:3      | Reached XP level 5. HP: 41/41 MP: 5/5
  2376 | D:4      | Noticed a phantom
  2376 | D:4      | Noticed an ogre
  2396 | D:3      | Killed a phantom
  2937 | D:4      | Reached XP level 6. HP: 47/47 MP: 6/6
  3143 | D:4      | Found a shimmering blue altar of Sif Muna.
  3212 | D:5      | Entered Level 5 of the Dungeon
  3226 | D:5      | Gained mutation: You are mostly covered in molten scales.
                  | (AC +3) [demonic ancestry]
  3226 | D:5      | Reached XP level 7. HP: 31/54 MP: 7/7
  4481 | D:6      | Found a runed translucent door.
  4484 | D:6      | Noticed paps's ghost (novice OpFi)
  4505 | D:6      | Found a staircase to the Ecumenical Temple.
  4511 | Temple   | Entered the Ecumenical Temple
  4520 | Temple   | Became a worshipper of Makhleb the Destroyer
  4552 | D:6      | Reached skill level 5 in Fighting
  4552 | D:6      | Reached skill level 5 in Axes
  4552 | D:6      | Reached skill level 5 in Dodging
  4552 | D:6      | Gained mutation: You have a pair of antennae on your head.
                  | [demonic ancestry]
  4552 | D:6      | Reached XP level 8. HP: 51/62 MP: 8/8
  4578 | D:6      | Found a sand-covered staircase.
  4583 | Ossuary  | Entered an ossuary
  4759 | Ossuary  | Reached * piety under Makhleb
  4950 | D:6      | Reached skill level 5 in Throwing
  5047 | D:6      | Noticed a two-headed ogre
  5079 | D:6      | Mangled by a two-headed ogre

Illustrated notes

Levels and vault maps discovered:
D:1:      wheals_arrival_shading, layout_rooms, serial_shops, shop,
          minmay_strange_pillars
D:2:      layout_rooms, basic_altar
D:3:      layout_basic
D:4:      layout_basic, kennysheep_little_box
D:5:      layout_gridville, nicolae_underground_beach
D:6:      layout_cave_pools, elyvilon_altar_4, minmay_temple_entry_hall,
          enter_ossuary_5, serial_column_ruins, column_ruins_hut_ruined,
          column_ruins_grid_1, column_ruins_open_small, column_ruins_grid_4,
          column_ruins_open_tiny, hellmonk_ghost_happy_afterlife
Temple:   mainiacjoe_temple_coin_purse

Skill      XL: |  1  2  3  4  5  6  7  8 |
---------------+-------------------------+-----
Throwing       | 2 3 4 5 |  5.0
Dodging        | 3 4 5 |  5.4
Axes           | 3 4 5 |  5.4
Fighting       | 3 4 5 |  5.5

Action                   |  1- 3 |  4- 6 |  7- 9 || total
-------------------------+-------+-------+-------++-------
Melee: War axe           |   115 |   121 |   111 ||   347
       Punch             |     3 |       |       ||     3
Throw: Dart              |       |     2 |     1 ||     3
       Throwing net      |       |     1 |       ||     1
  Use: Potion            |     1 |     1 |     2 ||     4
       Scroll            |     1 |     3 |     6 ||    10
 Stab: Sleeping          |     1 |       |       ||     1
       Held in net/web   |       |     2 |       ||     2
Armor: Leather armour    |    33 |    46 |    54 ||   133
Dodge: Dodged            |    99 |    85 |    89 ||   273

Table legend: (Time is in decaauts)
 A = Elapsed time spent in this place.
 B = Non-inter-level travel time spent in this place.
 C = Inter-level travel time spent in this place.
 D = Time resting spent in this place.
 E = Time spent auto-exploring this place.
 F = Levels seen in this place.
 G = Mean time per level.
                   A        B        C        D        E       F      G
               +--------+--------+--------+--------+--------+-----+--------+
         Total |   5190 |   5002 |    188 |    645 |   3174 |   8 |  648.8 |
       Dungeon |   4851 |   4663 |    188 |    645 |   2947 |   6 |  808.5 |
        Temple |     18 |     18 |      0 |      0 |      0 |   1 |   18.0 |
       Ossuary |    320 |    320 |      0 |      0 |    227 |   1 |  320.0 |
               +--------+--------+--------+--------+--------+-----+--------+

Top non-repeatable levels by time:
     D:5: 1269 daAuts
     D:3: 1165 daAuts
     D:2: 976 daAuts
     D:4: 667 daAuts
     D:1: 491 daAuts
 Ossuary: 320 daAuts
     D:6: 281 daAuts
  Temple: 18 daAuts
